 Dungeon Crawl Stone Soup version 0.26-a0-259-g1effd001a9 (webtiles) character file.

Game seed: 6153226752495881238

450 sanka the Carver (level 7, -1/54 HPs)
             Began as a Barachi Fighter on July 14, 2020.
             Was a Follower of Ru.
             Slain by Edmund
             ... wielding a +0 dire flail of protection
              (9 damage)
             ... on level 4 of the Dungeon.
             The game lasted 00:05:25 (3252 turns).

sanka the Carver (Barachi Fighter)                  Turns: 3252, Time: 00:05:26

Health: -1/54      AC:  7    Str: 15    XL:     7   Next: 4%
Magic:  7/7        EV:  7    Int:  9    God:    Ru [*.....]
Gold:   216        SH: 11    Dex: 11    Spells: 6/6 levels left

rFire    . . .     SeeInvis .   a - +0 long sword
rCold    . . .     Faith    .   w - +2 kite shield
rNeg     . . .     Spirit   .   b - +0 scale mail
rPois    .         Reflect  .   (no helmet)
rElec    .         Harm     .   (no cloak)
rCorr    .                      (no gloves)
MR       .....                  (no boots)
Stlth    ..........             (no amulet)
HPRegen  0.18/turn              s - +4 ring of slaying
MPRegen  0.10/turn              i - -4 ring of strength (curse)

@: slow
A: +LOS, swims, slowness 1, hated by all, strong legs 1
a: Hop, Renounce Religion


You were on level 4 of the Dungeon.
You worshipped Ru.
Ru was aware of your devotion.
You were not hungry.

You visited 1 branch of the dungeon, and saw 4 of its levels.

You collected 216 gold pieces.


Innate Abilities, Weirdness & Mutations

You can be seen from farther away. (+LOS)
You can swim through water.
You cover ground slowly.
You are hated by all.
You can hop short distances.


   Skills:
 - Level 4.0 Fighting
 * Level 8.1 Long Blades
 - Level 4.0 Armour
 - Level 4.0 Shields


You had 6 spell levels left.
You didn't know any spells.
Your spell library was empty.

Inventory:

Hand Weapons
 a - a +0 long sword (weapon)
Armour
 b - a +0 scale mail (worn)
 c - a +0 kite shield
 n - a +1 buckler of reflection
 w - a +2 kite shield (worn)
Jewellery
 i - a cursed -4 ring of strength (right hand)
 s - a +4 ring of slaying (left hand)
Scrolls
 h - 2 scrolls of amnesia {unknown}
 o - 8 scrolls of identify {unknown}
 p - a scroll of remove curse {unknown}
 q - a scroll of enchant armour {unknown}
 t - a scroll of enchant weapon {unknown}
 u - a scroll of fear {unknown}
 v - 2 scrolls of teleportation {unknown}
Potions
 d - 2 potions of might
 e - a potion of heal wounds {unknown}
 g - 3 potions of mutation {unknown}
 j - a potion of berserk rage {!q}
 k - 6 potions of curing {@q1}
 l - a potion of stabbing {unknown}
 m - 2 potions of invisibility {unknown}
 r - a potion of flight {unknown}
 x - a potion of ambrosia {unknown}
Comestibles
 f - 11 rations

Dungeon Overview and Level Annotations

Branches:
Dungeon (4/15)
 Temple: D:4-7

Altars:
Fedhas
Kikubaaqudgha
Nemelex Xobeh
Ru
Wu Jian
Zin

Annotations:
D:4 Edmund

....▒▒...▒▒...................▒▒▒
...▒▒.....▒▒▒...............▒▒...
...▒.......▒▒...............▒..▒▒
...▒..._...▒................▒.▒
...▒....)..▒.........)...)....▒
...▒▒.....▒▒.▒..............▒▒▒
...†▒▒.).▒▒▒.▒.......).......▒
.....▒▒)▒▒▒▒...▒@▒▒...▒▒▒.▒▒..▒
▒.....▒.........F▒▒....▒..▒ ▒.▒
.........)...▒.▒..[.....)▒▒▒▒.▒..
.▒▒▒▒▒.▒...▒▒▒.▒▒▒▒..............
▒▒▒▒▒▒...▒▒▒ ▒.▒▒.....▒.▒▒▒▒▒....
▒ ▒......▒ ▒.▒▒.▒..^..▒▒ . ▒
▒......▒ ▒.▒▒.▒......▒ ▒......▒
▒.▒▒.▒<...▒.▒ ▒......▒
▒.▒<.▒▒.....▒ ▒......▒
▒▒.).▒▒▒▒......


You could see Edmund (berserk).


Message History

* * * LOW HITPOINT WARNING * * *
Unknown command.
You hit Edmund.
Edmund is severely wounded.
You block Edmund's attack.
Unknown command.
You closely miss Edmund.
Edmund is severely wounded.
Edmund drinks a potion.
Edmund goes berserk!
You hit Edmund but do no damage.
Edmund is severely wounded.
You block Edmund's attack.
Your shield and scale mail prevent you from hitting Edmund.
Edmund is severely wounded.
You block Edmund's attack. You block Edmund's attack.
You hit Edmund.
Edmund is almost dead.
Edmund hits you with a +0 dire flail of protection.
* * * LOW HITPOINT WARNING * * *
You hit Edmund but do no damage.
Edmund is almost dead.
Edmund barely misses you.
Unknown command.
You hit Edmund.
Edmund is almost dead.
Edmund barely misses you.
Edmund hits you with a +0 dire flail of protection!
You die...

Action                   |  1- 3 |  4- 6 |  7- 9 || total
-------------------------+-------+-------+-------++-------
Melee: Long sword        |   126 |   177 |    25 ||   328
Invok: Sacrifice Love    |       |     1 |       ||     1
  Use: Potion            |       |     3 |       ||     3
  Eat: Ration            |     1 |     1 |     1 ||     3
Armor: Scale mail        |    55 |    58 |     6 ||   119
Dodge: Dodged            |    38 |    40 |     4 ||    82
Block: Kite shield       |    58 |    83 |     8 ||   149
       Buckler           |    12 |    10 |       ||    22
       Rpst.: Long sword |    17 |    12 |     1 ||    30

Levels and vault maps discovered:
D:1:      dpeg_arrival_rooms_a, layout_rooms, st_stairs_10, minmay_pentomino_o4
D:2:      layout_basic, nicolae_ru_awakened_eye, grunt_ministairs_3,
          corexii_shack
D:3:      layout_rooms, nemelex_xobeh_ov_fountains_minmay,
          overflow_temple_1_default, chequers_temple_overflow_statue_of_worship
D:4:      layout_rooms, lemuel_round_altar, uniq_edmund

Notes
Turn   | Place    | Note
-------+----------+-------------------------------------------
     0 | D:1      | sanka the Barachi Fighter began the quest for the Orb.
     0 | D:1      | Reached XP level 1. HP: 18/18 MP: 1/1
    53 | D:1      | Reached XP level 2. HP: 19/25 MP: 2/2
   141 | D:1      | Reached skill level 3 in Long Blades
   422 | D:1      | Reached XP level 3. HP: 26/30 MP: 3/3
   466 | D:1      | Reached skill level 4 in Fighting
   580 | D:1      | Reached skill level 4 in Armour
  1399 | D:2      | Found a sacrificial altar of Ru.
  1410 | D:2      | Reached XP level 4. HP: 37/37 MP: 4/4
  1413 | D:2      | Became a worshipper of Ru the Awakened
  1623 | D:2      | Reached skill level 4 in Long Blades
  1716 | D:2      | Reached skill level 4 in Shields
  2117 | D:3      | Found an ancient bone altar of Kikubaaqudgha.
  2119 | D:3      | Found a glowing silver altar of Zin.
  2183 | D:3      | Found a sparkling altar of Nemelex Xobeh.
  2192 | D:3      | Found an ornate altar of the Wu Jian Council.
  2251 | D:3      | Reached skill level 5 in Long Blades
  2251 | D:3      | Reached XP level 5. HP: 35/42 MP: 5/5
  2498 | D:4      | Found a blossoming altar of Fedhas.
  2521 | D:4      | Reached skill level 6 in Long Blades
  2529 | D:4      | HP: 1/42 [scorpion (8)]
  2534 | D:4      | Reached XP level 6. HP: 10/48 MP: 6/6
  2542 | D:4      | Reached skill level 7 in Long Blades
  2589 | D:4      | Gained mutation: You are hated by all. [Ru sacrifice]
  2589 | D:4      | Reached * piety under Ru
  3003 | D:4      | Reached skill level 8 in Long Blades
  3017 | D:3      | Reached XP level 7. HP: 25/54 MP: 7/7
  3214 | D:4      | Noticed Edmund
  3252 | D:4      | Slain by Edmund

Vanquished Creatures
  A scorpion (D:4)
  A howler monkey (D:4)
  A hound (D:4)
  2 orc priests (D:4)
  An orc wizard (D:4)
  A gnoll shaman (D:4)
  An iguana (D:4)
  5 adders
  3 gnolls
  An ooze (D:1)
  3 worms
  3 dart slugs (D:1)
  A leopard gecko (D:1)
  21 orcs
  A ball python (D:2)
  7 bats
  4 giant cockroaches
  9 goblins
  7 hobgoblins
  2 quokkas
  7 frilled lizards
  3 kobolds
  7 rats
92 creatures vanquished.
